 Dungeon Crawl Stone Soup version 0.17.2-1-ge4368a0 (webtiles) character file.

102 Charly the Insei (level 4, -4/22 HPs)
             Began as a Vine Stalker Transmuter on July 9, 2017.
             Slain by Edmund
             ... wielding a +2 dire flail of protection
              (11 damage)
             ... on level 6 of the Dungeon.
             The game lasted 00:05:58 (453 turns).

Charly the Insei (Vine Stalker Transmuter)           Turns: 453, Time: 00:05:58

Health: -4/22      AC:  2    Str: 12    XL:     4   Next: 77%
Magic:  0/8        EV: 19    Int: 14    God:
Gold:   13         SH:  0    Dex: 20    Spells: 3 memorised, 1 level left

rFire  . . .     SeeInvis .       - Unarmed
rCold  . . .     Clarity  .     (armour currently unavailable)
rNeg   + . .     SustAt   .     (shield currently unavailable)
rPois  x         Gourm    .     (helmet currently unavailable)
rElec  .         Spirit   +     (cloak currently unavailable)
rCorr  .         Warding  .     (gloves currently unavailable)
rMut   .         Stasis   .     (boots currently unavailable)
MR     .....                    (no amulet)
Stlth  ++........               (no ring)
                                f - ring of positive energy

@: spider-form, very slightly contaminated, not resistant to hostile
enchantments, unstealthy
A: (fangs 0), regeneration 1, magic shield, (antimagic bite), no device heal 3,
rot immunity
a: End Transformation


You were on level 6 of the Dungeon.
You were not hungry.
You were a venomous arachnid creature.
You visited 1 branch of the dungeon, and saw 6 of its levels.

You collected 13 gold pieces.

Inventory:

Missiles
 a - 11 arrows
Armour
 b - a +0 robe (melded)
 i - a +0 hat of magic resistance (melded)
Jewellery
 f - a ring of positive energy (left front leg)
Scrolls
 e - 2 scrolls of identify
Books
 c - a book of Changes

   Spells                             Type                      Level
   a - Beastly Appendage              Transmutation                1
   b - Sticks to Snakes               Transmutation                2
   c - Spider Form                    Transmutation/Poison         3
   d - Ice Form                       Ice/Transmutation            4
   e - Blade Hands                    Transmutation                5
Comestibles
 d - 2 bread rations


   Skills:
 + Level 1.3 Fighting
 - Level 1.5 Dodging
 + Level 4.2 Unarmed Combat
 - Level 2.1 Spellcasting
 - Level 2.8 Transmutations
 - Level 1.6 Poison Magic


You had one spell level left.
You knew the following spells:

 Your Spells              Type           Power        Failure   Level  Hunger
a - Beastly Appendage     Trmt           #.....       24%         1    #......
s - Sticks to Snakes      Trmt           #.........   32%         2    ###....
S - Spider Form           Trmt/Pois      #.........   52%         3    ###....


Dungeon Overview and Level Annotations

Branches:
Dungeon (6/15)
 Temple: D:4-7

Altars:
Makhleb

Shops:
D:5 }

Annotations:
D:6 Edmund


Innate Abilities, Weirdness & Mutations

((You have extremely sharp teeth.))
Your natural rate of healing is unusually fast.
When hurt, damage is shared between your health and your magic reserves.
((Your bite disrupts and absorbs the magic of your enemies.))
Potions and wands cannot restore your health.
You are immune to rotting.


Message History

You feel less resistant to hostile enchantments.
The helpless Edmund fails to defend himself.
You hit Edmund but do no damage.
Edmund is poisoned.
You hit Edmund.
Edmund looks even sicker.
Edmund is moderately wounded.
Edmund completely misses you.
You barely miss Edmund.
Edmund is moderately wounded.
Edmund hits you with a dire flail of protection!
Ouch! That really hurt!
* * * LOW HITPOINT WARNING * * *
You hit Edmund but do no damage.
Edmund is moderately wounded.
Edmund misses you.
You hit Edmund.
Edmund is heavily wounded.
Edmund says, "People think my brother is the best.
I think he's crazy."
Edmund hits you with a dire flail of protection!
Ouch! That really hurt!
You die...

#########
......@.#
#####s#
#.....#
#.#####
#.# #.#
#.# #<#
###


You could see Edmund.

Vanquished Creatures
  A giant frog skeleton (D:5)
  A hound (D:4)
  A worker ant (D:4)
  An adder (D:3)
  A giant gecko (D:2)
  5 bats
  2 giant cockroaches
  2 kobolds
  3 quokkas
  A ball python (D:2)
  A giant newt (D:2)
  2 rats
21 creatures vanquished.

Vanquished Creatures (others)
  A worker ant (D:5)
1 creature vanquished.

Grand Total: 22 creatures vanquished

Notes
Turn   | Place    | Note
--------------------------------------------------------------
     0 | D:1      | Charly the Vine Stalker Transmuter began the quest for the Orb.
     0 | D:1      | Reached XP level 1. HP: 9/9 MP: 4/4
    59 | D:3      | Reached XP level 2. HP: 9/14 MP: 6/6
    80 | D:3      | Learned a level 2 spell: Sticks to Snakes
   157 | D:3      | Reached skill level 4 in Unarmed Combat
   157 | D:3      | Reached XP level 3. HP: 13/17 MP: 2/7
   162 | D:3      | Learned a level 3 spell: Spider Form
   239 | D:4      | Found a burning altar of Makhleb.
   299 | D:4      | Reached skill level 1 in Poison Magic
   338 | D:4      | Reached XP level 4. HP: 13/21 MP: 1/8
   356 | D:4      | mr+
   379 | D:5      | Entered Level 5 of the Dungeon
   397 | D:5      | Reached skill level 1 in Fighting
   412 | D:5      | Found Maasoyx's Gadget Boutique.
   413 | D:5      | Noticed an ogre
   445 | D:6      | Noticed Edmund
   453 | D:6      | Slain by Edmund

Action                   |  1- 3 |  4- 6 || total
-------------------------+-------+-------++-------
Melee: Unarmed           |    76 |    12 ||    88
 Cast: Sticks to Snakes  |     1 |       ||     1
       Spider Form       |     2 |     2 ||     4
  Use: Scroll            |       |     3 ||     3
 Stab: Sleeping          |     1 |     2 ||     3
